 Dungeon Crawl Stone Soup version 0.19.1 (webtiles) character file.

87 Lilleppy the Sneak (level 4, 0/23 HPs)
             Began as a Spriggan Assassin on Nov 29, 2016.
             Was an Initiate of Qazlal.
             Slain by a worm (9 damage)
             ... on level 3 of the Dungeon.
             The game lasted 00:05:19 (1663 turns).

Lilleppy the Sneak (Spriggan Assassin)              Turns: 1663, Time: 00:05:19

Health: 0/23       AC:  3    Str:  7    XL:     4   Next: 28%
Magic:  5/5        EV: 18    Int: 12    God:    Qazlal [......]
Gold:   61         SH:  0    Dex: 18    Spells: 0 memorised, 3 levels left

rFire  . . .     SeeInvis +     a - +2 dagger
rCold  . . .     Gourm    .     c - +0 robe
rNeg   . . .     Faith    .     (shield restricted)
rPois  .         Spirit   .     (helmet restricted)
rElec  .         Reflect  .     d - +0 cloak
rCorr  .         Harm     .     (gloves unavailable)
MR     .....                    (boots unavailable)
Stlth  ++++......               (no amulet)
                                (no ring)
                                (no ring)

@: very quick
A: unfitting armour, see invisible, herbivore 3, speed 3, slow metabolism 2
a: Renounce Religion


You were on level 3 of the Dungeon.
You worshipped Qazlal.
Qazlal was noncommittal.
You were not hungry.

You visited 1 branch of the dungeon, and saw 3 of its levels.

You collected 61 gold pieces.

Inventory:

Hand Weapons
 a - a +2 dagger (weapon)
 b - a +0 blowgun
Missiles
 e - 14 poisoned needles
 f - 2 curare-tipped needles
Armour
 c - a +0 robe (worn)
 d - a +0 cloak (worn)
 r - a +0 pair of gloves
Scrolls
 l - a scroll of teleportation {unknown}
 n - 4 scrolls of identify {unknown}
Potions
 h - 2 potions of curing {unknown}
 i - 3 potions of invisibility {unknown}
 j - a potion of magic {unknown}
 k - a potion of ambrosia {unknown}
 p - a potion of lignification {unknown}
 q - a potion of haste {unknown}
 s - a potion of cancellation {unknown}
Comestibles
 g - 3 bread rations
 m - a royal jelly
 o - a meat ration


   Skills:
 + Level 2.1 Fighting
 + Level 3.1 Short Blades
 + Level 2.1 Throwing
 + Level 2.3 Dodging
 + Level 7.3 Stealth


You had 3 spell levels left.
You didn't know any spells.

Dungeon Overview and Level Annotations

Branches:
Dungeon (3/15)

Altars:
Qazlal


Innate Abilities, Weirdness & Mutations

You are very small and have problems with some larger weapons.
You are too small for most types of armour.
You have supernaturally acute eyesight. (SInv)
You are a herbivore.
You cover ground extremely quickly.
You need consume almost no food.


Message History

You barely miss the orc.
The orc is severely wounded.
The orc misses you.
You barely miss the orc.
The orc is severely wounded.
You hit the orc.
You kill the orc!
Qazlal accepts your kill. The worm barely misses you.
Items here: ( )))))))) [[ ††††††† You barely miss the worm.
You hit the worm.
The worm is moderately wounded.
The worm closely misses you.
You hit the worm but do no damage.
The worm is lightly wounded.
You hit the worm.
The worm is moderately wounded.
The worm bites you!
You die...

####(#g#####
#.....g....#
#..........#
#..÷.......#
#..........#
#..........#
####÷#######
#.w# ##@#
#)# #.# #.#
#÷# #(.#
##.# .. ###


You could see a worm.

Vanquished Creatures
  Robin (D:3)
  An adder (D:2)
  A worm (D:3)
  A dart slug (D:2)
  2 leopard geckos
  An orc (D:3)
  5 bats
  A giant cockroach (D:2)
  14 goblins
  9 hobgoblins
  4 jackals (D:1)
  4 frilled lizards
  5 kobolds
  6 rats
55 creatures vanquished.

Notes
Turn   | Place    | Note
-------+----------+-------------------------------------------
     0 | D:1      | Lilleppy the Spriggan Assassin began the quest for the Orb.
     0 | D:1      | Reached XP level 1. HP: 10/10 MP: 2/2
    77 | D:1      | Reached skill level 6 in Stealth
   216 | D:1      | Reached XP level 2. HP: 12/15 MP: 3/3
   833 | D:2      | Reached XP level 3. HP: 18/18 MP: 4/4
  1036 | D:2      | Reached skill level 7 in Stealth
  1303 | D:2      | Found a stormy altar of Qazlal.
  1313 | D:2      | Became a worshipper of Qazlal Stormbringer
  1564 | D:3      | Noticed Robin
  1615 | D:3      | Reached XP level 4. HP: 13/23 MP: 5/5
  1653 | D:3      | Killed Robin
  1663 | D:3      | Slain by a worm

Skill      XL: |  1  2  3  4 |
---------------+-------------+-----
Stealth        | 6 7 |  7.3
Fighting       | 2 |  2.1
Dodging        | 2 |  2.3
Short Blades   | 3 |  3.1
Throwing       | |  2.1

Action                   |  1- 3 |  4- 6 || total
-------------------------+-------+-------++-------
Melee: Dagger            |   216 |    43 ||   259
 Fire: Blowgun           |    15 |       ||    15
 Stab: Sleeping          |    12 |       ||    12
Armor: Robe              |    27 |     4 ||    31
Dodge: Dodged            |   113 |    21 ||   134
